 Dungeon Crawl Stone Soup version 0.23.2 (webtiles) character file.

Game seed: 588787916351569425

640680 Moltybleed the Hoplite (level 27, -32/264 HPs)
             Began as a Minotaur Fighter on Mar 27, 2019.
             Was the Champion of Okawaru.
             Blown up by an ancient lich (77 damage)
             ... with an orb of destruction
             ... on level 5 of the Realm of Zot on Mar 31, 2019.
             The game lasted 04:28:18 (77285 turns).

Moltybleed the Hoplite (Minotaur Fighter)          Turns: 77285, Time: 04:28:18

Health: -32/264    AC: 46    Str: 37    XL:     27
Magic:  27/29      EV: 27    Int: 11    God:    Okawaru [******]
Gold:   4216       SH:  0    Dex: 21    Spells: 26/26 levels left

rFire    + + .     SeeInvis +   b - +7 lajatang of Order {silver, rMut}
rCold    + + +     Gourm    .   (shield currently unavailable)
rNeg     . . .     Faith    +   J - +9 plate armour of Complete Protection {Str+4 Dex+4 SInv}
rPois    .         Spirit   .   Q - +2 hat
rElec    .         Reflect  .   y - +4 cloak of Cositoqo {Int+4}
rCorr    .         Harm     .   W - +2 pair of gloves {Dex+3}
rMut     +                      e - +2 pair of boots {run}
MR       +++++                  P - amulet of Ucka {Faith *Corrode rC+++ MR+++ Dex-3}
Stlth    ..........             V - ring "Paepra" {+Inv rF+ MR+ Str+2 Int+2}
HPRegen  0.54/turn              v - ring "Ojemaf" {rF+ rC+ Dex+4}
MPRegen  0.21/turn

@: about to teleport, very slightly contaminated, hasted, invisible, very quick
A: retaliatory headbutt, horns 2, blurry vision 2
}: 3/15 runes: barnacled, silver, gossamer
a: Heroism, Finesse, Renounce Religion


You were on level 5 of the Realm of Zot.
You worshipped Okawaru.
Okawaru was exalted by your worship.
You were not hungry.

You visited 10 branches of the dungeon, and saw 50 of its levels.
You also visited: Trove, Ice Cave, Wizlab and Desolation.

You collected 7218 gold pieces.
You spent 3002 gold pieces at shops.

Inventory:

Hand Weapons
 a - the +10 morningstar "Eos" {elec, Halo rElec}
   (Okawaru gifted it to you on level 6 of the Lair of Beasts)

   Occasionally, upon striking a foe, it will discharge some electrical energy
   and cause terrible harm.
   It insulates you from electricity.
 b - the +7 lajatang of Order (weapon) {silver, rMut}
   (You found it on level 5 of the Dungeon)

   It protects you from mutation.
 r - a +2 antimagic executioner's axe (quivered)
 F - the +9 long sword of the Saviour {antimagic, *Drain Dex+7}
   (You found it on level 4 of the Depths)

   It reduces the magical energy of the wielder, and disrupts the spells and
   magical abilities of those hit.
   Natural abilities and divine invocations are not affected.
   It affects your dexterity (+7).
   It causes draining when unequipped.
Armour
 e - a +2 pair of boots of running (worn)
 y - the +4 cloak of Cositoqo (worn) {Int+4}
   (Okawaru gifted it to you on level 2 of the Orcish Mines)

   It affects your intelligence (+4).
 J - the +9 plate armour of Complete Protection (worn) {Str+4 Dex+4 SInv}
   (You found it on level 10 of the Dungeon)

   It affects your strength (+4).
   It affects your dexterity (+4).
   It lets you see invisible.
 Q - a +2 hat (worn)
 W - a +2 pair of gloves of dexterity (worn)
 Z - a +3 large shield of resistance
Jewellery
 p - an uncursed amulet of regeneration {unknown}
 s - the ring of Cubusk {rCorr rPois Str-4 Int+2 Stlth+}
   (You took it off an orc knight on level 5 of the Vaults)

   [ring of resist corrosion]

   It affects your strength (-4).
   It affects your intelligence (+2).
   It protects you from poison.
   It makes you more stealthy.
 v - the ring "Ojemaf" (right hand) {rF+ rC+ Dex+4}
   (You acquired it on level 11 of the Dungeon)

   [ring of protection from cold]

   It affects your dexterity (+4).
   It protects you from fire.
   It protects you from cold.
 I - an uncursed ring of resist corrosion
 P - the amulet of Ucka (around neck) {Faith *Corrode rC+++ MR+++ Dex-3}
   (You found it in an ice cave)

   [amulet of faith]

   It allows you to gain divine favour quickly.
   It affects your dexterity (-3).
   It renders you almost immune to cold.
   It affects your resistance to hostile enchantments.
   It may corrode you when you take damage.
 V - the ring "Paepra" (left hand) {+Inv rF+ MR+ Str+2 Int+2}
   (You found it on level 1 of the Shoals)

   [ring of intelligence]

   It affects your strength (+2).
   It affects your intelligence (+2).
   It protects you from fire.
   It affects your resistance to hostile enchantments.
   It lets you turn invisible.
Wands
 g - a wand of disintegration (50)
 l - a wand of digging (7)
 B - a wand of acid (13)
 C - a wand of flame (69)
 D - a wand of random effects (33)
 M - a wand of iceblast (11)
 X - a wand of polymorph (28)
Scrolls
 c - 7 scrolls of blinking
 d - 2 scrolls of fear
 i - 6 scrolls of brand weapon
 k - 12 scrolls of amnesia
 m - 8 scrolls of enchant armour
 n - 4 scrolls of vulnerability
 q - 15 scrolls of teleportation
 t - a scroll of summoning {unknown}
 z - 12 scrolls of identify
 E - 3 scrolls of random uselessness {unknown}
 L - a scroll of magic mapping
 N - 10 scrolls of enchant weapon
 O - 13 scrolls of remove curse
 S - 9 scrolls of immolation
 T - a scroll of holy word {unknown}
Potions
 h - 10 potions of curing
 j - 9 potions of flight
 o - 3 potions of agility
 u - 10 potions of mutation
 w - a potion of berserk rage {unknown}
 A - a potion of magic {unknown}
 H - 4 potions of cancellation {unknown}
 K - 4 potions of haste
 R - 16 potions of heal wounds
 Y - 6 potions of might
Miscellaneous
 x - a phial of floods
 G - a phantom mirror
Comestibles
 f - 60 rations


   Skills:
 - Level 24.8 Fighting
   Level 3.4(12.0) Short Blades
 - Level 18.3(18.4) Long Blades
 - Level 14.0(15.7) Axes
 - Level 12.7(16.2) Maces & Flails
 * Level 10.5(13.0) Staves
 + Level 23.9 Armour
 + Level 21.9 Dodging
 - Level 0.8 Stealth
 - Level 25.0 Shields
 - Level 6.0 Invocations
 * Level 9.7 Evocations


You had 26 spell levels left.
You didn't know any spells.
Your spell library contained the following spells:

 Spells                   Type           Power        Failure   Level  Hunger
 Animate Skeleton         Necr           N/A          67%         1    ##.....
 Apportation              Tloc           #.....       67%         1    ##.....
 Beastly Appendage        Tmut           #.....       67%         1    ##.....
 Confusing Touch          Hex            #.....       67%         1    ##.....
 Corona                   Hex            #......      67%         1    ##.....
 Flame Tongue             Conj/Fire      #....        67%         1    ##.....
 Freeze                   Ice            #...         67%         1    ##.....
 Infusion                 Chrm           #...         67%         1    ##.....
 Magic Dart               Conj           #...         67%         1    ##.....
 Sandblast                Erth           #.....       67%         1    ##.....
 Shock                    Conj/Air       #...         67%         1    ##.....
 Sting                    Conj/Pois      #...         67%         1    ##.....
 Summon Butterflies       Summ           #.......     67%         1    ##.....
 Summon Small Mammal      Summ           #...         67%         1    ##.....
 Blink                    Tloc           N/A          80%         2    ###....
 Call Imp                 Summ           #.......     80%         2    ###....
 Ensorcelled Hibernation  Hex/Ice        #.....       80%         2    ###....
 Passwall                 Tmut/Erth      #.......     80%         2    ###....
 Poisonous Vapours        Pois/Air       #.....       80%         2    ###....
 Searing Ray              Conj           #.....       80%         2    ###....
 Shroud of Golubria       Chrm/Tloc      #.........   80%         2    ###....
 Slow                     Hex            #.......     80%         2    ###....
 Song of Slaying          Chrm           #.......     80%         2    ###....
 Sticks to Snakes         Tmut           #.......     80%         2    ###....
 Swiftness                Chrm/Air       #.......     80%         2    ###....
 Throw Flame              Conj/Fire      #.....       80%         2    ###....
 Call Canine Familiar     Summ           #.......     95%         3    ####...
 Confuse                  Hex            #.......     95%         3    ####...
 Conjure Flame            Conj/Fire      #.......     95%         3    ####...
 Dazzling Spray           Conj/Hex       #.....       95%         3    ####...
 Gell's Gravitas          Tloc           #.........   95%         3    ####...
 Inner Flame              Hex/Fire       #.......     95%         3    ####...
 Lesser Beckoning         Tloc           #.........   95%         3    ####...
 Mephitic Cloud           Conj/Pois/Air  #.......     95%         3    ####...
 Ozocubu's Armour         Chrm/Ice       #.......     95%         3    ####...
 Regeneration             Chrm/Necr      #.........   95%         3    ####...
 Spectral Weapon          Hex/Chrm       #.......     95%         3    ####...
 Spider Form              Tmut/Pois      #.........   95%         3    ####...
 Stone Arrow              Conj/Erth      #.....       95%         3    ####...
 Summon Guardian Golem    Hex/Summ       #.......     95%         3    ####...
 Teleport Other           Tloc           #.......     95%         3    ####...
 Tukima's Dance           Hex            #.......     95%         3    ####...
 Airstrike                Air            #.........   100%        4    #####..
 Cause Fear               Hex            #.........   100%        4    #####..
 Force Lance              Conj/Tloc      #.......     100%        4    #####..
 Fulminant Prism          Conj/Hex       #.........   100%        4    #####..
 Ice Form                 Ice/Tmut       #.......     100%        4    #####..
 Iskenderun's Mystic Bla  Conj           #.......     100%        4    #####..
 Leda's Liquefaction      Hex/Erth       #.........   100%        4    #####..
 Olgreb's Toxic Radiance  Pois           #.......     100%        4    #####..
 Passage of Golubria      Tloc           N/A          100%        4    #####..
 Petrify                  Tmut/Erth      #.......     100%        4    #####..
 Sticky Flame             Conj/Fire      #.......     100%        4    #####..
 Summon Ice Beast         Ice/Summ       #.......     100%        4    #####..
 Summon Lightning Spire   Summ/Air       #.......     100%        4    #####..
 Alistair's Intoxication  Tmut/Pois      #.......     100%        5    ######.
 Blade Hands              Tmut           #.........   100%        5    ######.
 Bolt of Draining         Conj/Necr      #.........   100%        5    ######.
 Bolt of Magma            Conj/Fire/Erth #.........   100%        5    ######.
 Borgnjor's Vile Clutch   Necr/Erth      #.........   100%        5    ######.
 Fireball                 Conj/Fire      #.........   100%        5    ######.
 Iskenderun's Battlesphe  Conj/Chrm      #.......     100%        5    ######.
 Lee's Rapid Deconstruct  Erth           #.........   100%        5    ######.
 Lightning Bolt           Conj/Air       #.........   100%        5    ######.
 Metabolic Englaciation   Hex/Ice        #.........   100%        5    ######.
 Summon Mana Viper        Hex/Summ       #.......     100%        5    ######.
 Venom Bolt               Conj/Pois      #.........   100%        5    ######.
 Yara's Violent Unravell  Hex/Tmut       #.........   100%        5    ######.
 Bolt of Fire             Conj/Fire      #.........   100%        6    #######
 Darkness                 Hex            #.........   100%        6    #######
 Death Channel            Necr           #.........   100%        6    #######
 Deflect Missiles         Chrm/Air       #.........   100%        6    #######
 Freezing Cloud           Conj/Ice/Air   #.........   100%        6    #######
 Invisibility             Hex            #.......     100%        6    #######
 Iron Shot                Conj/Erth      #.........   100%        6    #######
 Poison Arrow             Conj/Pois      #.........   100%        6    #######
 Statue Form              Tmut/Erth      #........    100%        6    #######
 Dragon Form              Tmut           #.........   100%        7    #######
 Haunt                    Necr/Summ      #.........   100%        7    #######
 Orb of Destruction       Conj           #.........   100%        7    #######
 Ring of Flames           Chrm/Fire      #.........   100%        7    #######
 Spellforged Servitor     Conj/Summ      #.........   100%        7    #######
 Borgnjor's Revivificati  Necr           #.........   100%        8    #######
 Chain Lightning          Conj/Air       #.........   100%        8    #######
 Death's Door             Chrm/Necr      #.........   100%        8    #######
 Infestation              Necr           #.........   100%        8    #######
 Lehudib's Crystal Spear  Conj/Erth      #.........   100%        8    #######
 Necromutation            Tmut/Necr      #.........   100%        8    #######
 Dragon's Call            Summ           #.........   100%        9    #######
 Fire Storm               Conj/Fire      #.........   100%        9    #######
 Glaciate                 Conj/Ice       #.........   100%        9    #######
 Shatter                  Erth           #.........   100%        9    #######


Dungeon Overview and Level Annotations

Branches:
Dungeon (15/15)            Temple (1/1) D:6            Lair (6/6) D:10
 Shoals (4/4) Lair:2       Spider (4/4) Lair:2        Slime (0/5) Lair:5
    Orc (2/2) D:9             Elf (3/3) Orc:2        Vaults (5/5) D:13
  Crypt (0/3) Vaults:3     Depths (5/5) D:15            Zot (5/5) Depths:5

Altars:
Ashenzari
Cheibriados
Dithmenos
Elyvilon
Fedhas
Gozag
Hepliaklqana
Kikubaaqudgha
Makhleb
Nemelex Xobeh
Okawaru
Qazlal
Ru
Sif Muna
Trog
Uskayaw
Vehumet
Wu Jian
Xom
Yredelemnul
Zin
The Shining One
Jiyva

Shops:
D:6 [   D:9 (   D:11 %   D:14 *   D:15 (   Orc:1 ?[   Orc:2 }*[*   Elf:2 ?}=}%
Vaults:3 ?=%*   Vaults:5 [   Depths:2 *   Depths:4 [

Portals:
Hell: Depths:1 Depths:2 Depths:3 Depths:4 Depths:5
Abyss: Depths:1 Depths:4
Pandemonium: Depths:1 Depths:3 Depths:4
Ziggurat: Depths:2

Annotations:
D:3 2 runed translucent doors, Flogoulo's ghost, amateur FoFi
D:9 3 runed translucent doors, exclusion: obsidian statue, Terandir's ghost, novice MiFi
D:11 Sonja
Lair:1 2 runed translucent doors, Gebim's ghost, journeyman GnCK
Lair:5 1 runed translucent door
Depths:2 3 runed translucent doors, exclusion: obsidian statue, Loyck's ghost, adept TrMo


Innate Abilities, Weirdness & Mutations

You reflexively headbutt those who attack you in melee.
You have a pair of horns on your head.
Scrolls take you longer to read.


Message History

The ancient lich completely misses you. You furiously retaliate!
You headbutt the ancient lich, but do no damage.
Okay, then.
Your blink will be uncontrolled - continue anyway?
Really read with blurry vision while enemies are nearby?
Okay, then.
Unknown command.
Your blink will be uncontrolled - continue anyway?
Really read with blurry vision while enemies are nearby?
Okay, then.
Unknown command.
You feel yourself speed up.
The ancient lich conjures an orb of pure magic.
An orb of destruction comes into view.
Remove which piece of jewellery? (? for menu, Esc to quit)
Okay, then.
Your blink will be uncontrolled - continue anyway?
Really read with blurry vision while enemies are nearby?
The orb of destruction hits you!!!!
You die...

# #.##+#####.#.....#
#.<<.......+.....#
###(.#.####..#.....# .......#
*..#.....# .####⌠## *#.#.....#
.####.# #^#.....# .##...#
####'#..⌠..# .##.#.###......^...#
........'.......@L.######
.####.###...^....○○*z.XX# #######
.# #.# #..........####X# #......
##**###*###▓▓▓▓########§########▓
,,,,,,,,,,** #......L§X......#
,,,,,,,,,,,** *#....D§§z1....##
,,,,,,,,,,,,** #.^..X§§X.§...#
,,,,,,,,,,,,,* ##.8p...§.§D.##
,,,,,,,,,,,,,* #X.*.....p..#


You could see an orb of fire, an ancient lich, a death cob and 3 Orb Guardians.

Vanquished Creatures
  2 orbs of fire (Zot:4)
  Mara (Elf:3)
  Boris (4 times) (Vaults:2 Depths:2 Depths:4 Vaults:5)
  Saint Roka (Vaults:2)
  11 caustic shrikes (Depths:5)
  3 curse toes
  6 golden dragons
  2 electric golems
  Arachne (Spider:4)
  2 liches
  A moon troll (WizLab)
  14 tentacled monstrosities
  Asterion (Spider:4)
  8 Orb Guardians (Zot:5)
  3 deep elf blademasters
  7 titans
  4 quicksilver dragons
  3 deep elf master archers (Elf:3)
  Gastronok (Lair:3)
  9 death cobs
  6 sphinxes
  9 tengu reavers
  6 shadow dragons
  3 tentacled starspawn (WizLab)
  Polyphemus (Shoals:2)
  15 storm dragons
  Kirke (Lair:6)
  Roxanne (Shoals:4)
  Ilsuiw (Shoals:3)
  14 vault wardens
  3 iron dragons
  7 fire giants
  13 frost giants
  11 ghost moths
  8 draconian knights
  3 draconian scorchers
  Aizul (Shoals:1)
  2 cacodemons (WizLab)
  7 deep elf sorcerers
  5 draconian stormcallers
  12 ironheart preservers
  10 emperor scorpions
  8 deep elf elementalists
  5 draconian shifters
  8 draconian annihilators
  A spriggan defender (Depths:5)
  10 green draconians
  22 very ugly things
  5 war gargoyles
  20 stone giants
  An entropy weaver (shapeshifter) (Vaults:4)
  3 entropy weavers
  3 halazid warlocks (Desolation)
  5 deep elf annihilators (Elf:3)
  5 deep elf demonologists
  12 red draconians
  12 black draconians
  10 spark wasps
  14 white draconians
  14 yellow draconians
  A dire elephant (Lair:6)
  Snorg (Orc:1)
  14 purple draconians
  11 ettins
  A green death (Depths:3)
  11 merfolk javelineers
  13 deep elf death magi
  4 ragged hierophants (Desolation)
  13 merfolk impalers
  17 yaktaur captains
  3 crystal guardians (Desolation)
  9 fire dragons
  18 ogre magi
  Josephine (D:11)
  8 hydras
  6 servants of whispers (Desolation)
  6 deep elf high priests
  11 great orbs of eyes
  11 peacekeepers (Desolation)
  3 rakshasas
  Fannar (D:11)
  28 vault guards
  A hell beast (Depths:4)
  4 spriggan air magi
  9 centaur warriors
  An ice dragon (shapeshifter) (Vaults:5)
  14 ice dragons
  2 catoblepae
  An anaconda (shapeshifter) (Depths:4)
  A satyr (Shoals:2)
  17 deep troll earth magi
  4 death knights
  An alligator (Lair:5)
  3 death yaks
  A merfolk avatar (Shoals:4)
  19 dancing weapons (Elf:2)
  9 starcursed masses (WizLab)
  43 two-headed ogres
  11 deep troll shamans
  3 merfolk aquamancers (Shoals:4)
  2 orc high priests (Orc:2)
  3 tengu warriors
  An alligator snapping turtle (Shoals:3)
  A queen ant (shapeshifter) (D:15)
  3 vampire magi
  5 small abominations
  6 hell knights
  Nergalle (Orc:1)
  A spriggan berserker (Depths:4)
  A wretched star (WizLab)
  21 deep elf knights
  4 iron trolls
  A fire crab (shapeshifter) (Vaults:5)
  A sun demon (Depths:4)
  3 shadow wraiths
  11 skeletal warriors
  2 fire crabs (Shoals:4)
  A sixfirhy (Depths:3)
  5 flayed ghosts
  2 orange crystal statues
  13 sea snakes
  37 deep trolls
  11 glowing orange brains
  4 unseen horrors
  A sea snake (shapeshifter) (Vaults:5)
  10 deep elf archers
  2 lindwurms (Lair:6)
  9 phantasmal warriors
  A sphinx zombie (Vaults:5)
  20 ironbrand convokers
  27 harpies
  8 wizards
  25 orb spiders
  3 necromancers
  10 orc knights
  A mana viper (D:14)
  4 orc sorcerers
  11 fauns
  60 deep elf magi
  2 oklob plants (Lair:3)
  A wolf spider (shapeshifter) (Vaults:3)
  34 moths of wrath
  29 wolf spiders
  A salamander (D:15)
  19 manticores
  7 cyclopes
  43 ugly things
  4 elephants (Lair:6)
  8 black mambas
  8 large abominations (Depths:1)
  12 vault sentinels
  14 merfolk sirens
  5 rust devils
  A sphinx skeleton (Depths:4)
  11 eyes of devastation (WizLab)
  2 ice statues (IceCv)
  A naga mage (D:14)
  A water nymph (shapeshifter) (Vaults:4)
  6 water nymphs
  A hellion (Depths:4)
  5 guardian serpents (Desolation)
  11 spiny frogs
  4 torpor snails
  6 gargoyles
  11 demonic crawlers
  7 rime drakes
  6 komodo dragons
  An efreet (D:15)
  58 yaktaurs
  10 freezing wraiths
  A komodo dragon (shapeshifter) (Depths:5)
  2 kobold demonologists
  A rime drake (shapeshifter) (Depths:3)
  A yaktaur (shapeshifter) (Depths:5)
  A guardian mummy (D:13)
  32 jumping spiders
  47 merfolk
  A golden dragon simulacrum (Vaults:5)
  3 wind drakes
  A queen bee (D:11)
  6 meliai
  10 trolls
  2 polar bears (Lair:5)
  A tengu simulacrum (Vaults:3)
  4 tyrant leeches (Spider:2)
  16 hornets
  3 blink frogs (Lair:2)
  56 saltlings (Desolation)
  A dream sheep (shapeshifter) (Vaults:3)
  24 slime creatures
  11 hippogriffs
  6 snapping turtles
  14 dream sheep
  A fire giant simulacrum (Vaults:1)
  81 redbacks
  3 air elementals
  2 shadows
  6 wraiths
  A ynoxinul (Depths:4)
  2 fire elementals (Elf:2)
  46 yaks
  34 tarantellas
  13 water elementals
  2 vampires
  A basilisk (shapeshifter) (Depths:1)
  A fire bat (Shoals:4)
  3 wyverns
  A hungry ghost (D:12)
  3 basilisks
  5 hogs (Lair:6)
  5 golden eyes (WizLab)
  3 hogs (shapeshifter)
  A human (shapeshifter) (D:14)
  2 neqoxecs (WizLab)
  A steam dragon (D:13)
  3 chaos spawn (Depths:1)
  A vampire mosquito (D:13)
  5 wargs
  A soldier ant (shapeshifter) (D:14)
  3 acid dragons
  An acid dragon (shapeshifter) (Depths:3)
  A hell hound (Depths:4)
  Duvessa (D:6)
  10 water moccasins
  4 porcupines
  52 orc warriors
  17 ice beasts
  5 phantoms
  3 sky beasts
  A black bear (shapeshifter) (Depths:3)
  A black bear (Lair:2)
  37 ogres
  A boggart (shapeshifter) (Vaults:3)
  An eye of draining (D:14)
  A necrophage (D:7)
  9 boggarts
  25 wolves
  7 crocodiles
  26 centaurs
  3 big kobolds
  15 bullfrogs
  2 glowing shapeshifter simulacra
  10 earth elementals
  Dowan (D:6)
  A wyvern skeleton (D:12)
  4 scorpions
  17 killer bees
  A human simulacrum (Vaults:3)
  4 wights
  6 howler monkeys
  An electric eel (Elf:3)
  7 crimson imps
  8 centaur zombies
  A quasit (D:10)
  A bullfrog skeleton (D:5)
  11 hounds
  3 bullfrog zombies
  3 jellies
  24 orc priests
  28 orc wizards
  A centaur skeleton (D:10)
  12 human skeletons (Vaults:3)
  4 iguanas
  An iguana (shapeshifter) (Depths:3)
  7 worker ants
  2 hound zombies
  A hound skeleton (D:7)
  A howler monkey skeleton (D:10)
  15 adders
  2 shadow imps
  An adder skeleton (D:6)
  2 adder zombies
  A worm (D:2)
  2 dart slugs
  A leopard gecko (D:8)
  110 orcs
  3 bats
  4 giant cockroaches
  7 goblins
  6 hobgoblins
  27 kobolds
  3 quokkas
  2 ball pythons
  A ball python skeleton (D:4)
  A frilled lizard (D:1)
  2 leopard gecko skeletons
  A quokka skeleton (D:9)
  A quokka zombie (D:5)
  4 rats
  2 fungi
  8 plants
  A starspawn tentacle (WizLab)
2441 creatures vanquished.

Vanquished Creatures (others)
  A golden dragon (Vaults:5)
  A black mamba (D:14)
  A saltling (Desolation)
  An air elemental (Elf:2)
  A water elemental (Elf:2)
  An ogre (D:15)
  2 demonic plants (WizLab)
  12 fungi
  34 plants
  3 starspawn tentacles (WizLab)
57 creatures vanquished.

Grand Total: 2498 creatures vanquished

Notes
Turn   | Place    | Note
-------+----------+-------------------------------------------
     0 | D:1      | Moltybleed the Minotaur Fighter began the quest for the
                  | Orb.
     0 | D:1      | Reached XP level 1. HP: 19/19 MP: 0/0
   150 | D:1      | Reached XP level 2. HP: 20/27 MP: 1/1
   185 | D:1      | Reached skill level 4 in Shields
   606 | D:2      | Found a sacrificial altar of Ru.
   806 | D:2      | Reached XP level 3. HP: 34/34 MP: 2/2
  1156 | D:3      | Reached XP level 4. HP: 40/41 MP: 3/3
  1162 | D:3      | Found a runed translucent door.
  1166 | D:3      | Noticed Flogoulo's ghost (amateur FoFi)
  1220 | D:3      | Found a blossoming altar of Fedhas.
  1468 | D:3      | Found a runed translucent door.
  1885 | D:4      | Reached XP level 5. HP: 37/47 MP: 4/4
  2142 | D:4      | Reached skill level 5 in Long Blades
  2288 | D:4      | Reached skill level 5 in Shields
  2785 | D:4      | Reached skill level 1 in Short Blades
  2860 | D:4      | Reached XP level 6. HP: 31/55 MP: 5/5
  2867 | D:5      | Entered Level 5 of the Dungeon
  3225 | D:4      | Reached skill level 5 in Fighting
  3417 | D:4      | Found an ancient bone altar of Kikubaaqudgha.
  3875 | D:5      | Reached XP level 7. HP: 55/61 MP: 4/6
  4025 | D:5      | Reached skill level 6 in Shields
  4114 | D:5      | Found the +7 lajatang of Order {silver, rMut}
  4385 | D:6      | Reached skill level 1 in Staves
  4430 | D:6      | Found an ornate altar of the Wu Jian Council.
  4511 | D:6      | Found a staircase to the Ecumenical Temple.
  4547 | Temple   | Entered the Ecumenical Temple
  4757 | Temple   | Became a worshipper of Warmaster Okawaru
  4990 | D:6      | Reached XP level 8. HP: 64/70 MP: 7/7
  5196 | D:6      | Found Topraemo's Antique Armour Boutique.
  5201 | D:6      | Bought a glowing chain mail for 225 gold pieces
  5361 | D:6      | Noticed Dowan
  5362 | D:6      | Noticed Duvessa
  5368 | D:6      | Killed Duvessa
  5368 | D:6      | Reached skill level 5 in Armour
  5373 | D:6      | Killed Dowan
  5557 | D:7      | Reached * piety under Okawaru
  5649 | D:7      | Reached skill level 5 in Staves
  5906 | D:7      | Reached ** piety under Okawaru
  5959 | D:7      | Reached XP level 9. HP: 78/78 MP: 8/8
  6805 | D:8      | Reached *** piety under Okawaru
  7023 | D:9      | Found Idwynet's Weapon Shop.
  7023 | D:9      | Found a staircase to the Orcish Mines.
  7058 | D:8      | Reached skill level 1 in Axes
  7270 | D:9      | Reached skill level 7 in Shields
  7284 | D:9      | Reached XP level 10. HP: 79/88 MP: 5/9
  7289 | D:9      | Reached **** piety under Okawaru
  7688 | D:9      | Reached skill level 5 in Axes
  8041 | D:9      | Found a runed translucent gate.
  8042 | D:9      | Found a runed translucent gate.
  8042 | D:9      | Found a runed translucent gate.
  8042 | D:9      | Found an opulent altar of Gozag.
  8042 | D:9      | Noticed an obsidian statue
  8042 | D:9      | Noticed Terandir's ghost (novice MiFi)
  8129 | D:10     | Entered Level 10 of the Dungeon
  8273 | D:10     | Got a slimy plate armour
  8284 | D:10     | Identified the +9 plate armour of Complete Protection
                  | {Str+4 Dex+4 SInv} (You found it on level 10 of the
                  | Dungeon)
  8310 | D:10     | Noticed a gargoyle
  8348 | D:10     | Killed a gargoyle
  8570 | D:10     | Reached skill level 8 in Shields
  8795 | D:10     | Noticed a two-headed ogre
  8804 | D:10     | Killed a two-headed ogre
  8804 | D:10     | Reached ***** piety under Okawaru
  8993 | D:10     | Received a gift from Okawaru
  9110 | D:10     | Found a staircase to the Lair.
  9664 | D:10     | Noticed a gargoyle
  9669 | D:10     | Killed a gargoyle
  9669 | D:10     | Reached skill level 9 in Shields
  9797 | D:11     | Noticed a gargoyle
  9809 | D:11     | Killed a gargoyle
  9896 | D:11     | Noticed Fannar
  9944 | D:11     | Killed Fannar
  9944 | D:11     | Reached XP level 11. HP: 86/95 MP: 8/10
 10332 | D:11     | Found Zikucsig's Food Emporium.
 10360 | D:11     | Noticed a sixfirhy
 10400 | D:11     | Noticed an eight-headed hydra
 10472 | D:11     | Reached skill level 10 in Shields
 10625 | D:11     | Noticed Sonja
 10818 | Lair:1   | Entered Level 1 of the Lair of Beasts
 11248 | Lair:1   | Found a large runed translucent door.
 11248 | Lair:1   | Found a large runed translucent door.
 11252 | Lair:1   | Noticed Gebim's ghost (journeyman GnCK)
 11287 | Lair:1   | Reached skill level 10 in Armour
 11377 | Lair:1   | Found a deep blue altar of Sif Muna.
 11467 | Lair:1   | Received a gift from Okawaru
 11467 | Lair:1   | Reached skill level 10 in Axes
 12163 | Lair:2   | Reached ****** piety under Okawaru
 12163 | Lair:2   | Received a gift from Okawaru
 12199 | Lair:2   | Reached skill level 11 in Shields
 12300 | Lair:2   | Reached XP level 12. HP: 104/104 MP: 11/11
 12353 | Lair:2   | Found a hole to the Spider Nest.
 12381 | Lair:2   | Noticed a seven-headed hydra
 12421 | Lair:2   | Found a sacrificial altar of Ru.
 12818 | Lair:2   | Got a pitted hand axe {god gift}
 12830 | Lair:1   | Identified the +3 hand axe of Regicide {venom, Str+4 Dex+6}
                  | (Okawaru gifted it to you on level 2 of the Lair of Beasts)
 13019 | Lair:3   | Noticed a five-headed hydra
 13032 | Lair:3   | Killed a five-headed hydra
 13362 | Lair:3   | Noticed Gastronok
 13388 | Lair:3   | Killed Gastronok
 13388 | Lair:3   | Reached skill level 10 in Fighting
 13388 | Lair:3   | Reached skill level 12 in Shields
 13887 | Lair:4   | Received a gift from Okawaru
 14727 | Lair:5   | Noticed a four-headed hydra
 14736 | Lair:5   | Noticed an alligator
 14736 | Lair:5   | a four-headed hydra changed into an alligator
 14749 | Lair:5   | Noticed a five-headed hydra
 14847 | Lair:6   | Entered Level 6 of the Lair of Beasts
 15006 | Lair:5   | Killed an alligator
 15267 | Lair:6   | Killed a seven-headed hydra
 16326 | Lair:5   | Found a runed translucent door.
 16332 | Lair:5   | Found a viscous altar of Jiyva.
 16333 | Lair:5   | Found a staircase to the Slime Pits.
 16573 | Lair:6   | Reached XP level 13. HP: 116/116 MP: 12/12
 16597 | Lair:6   | Reached skill level 13 in Shields
 16645 | Lair:6   | Received a gift from Okawaru
 16753 | Lair:6   | Noticed Kirke
 16778 | Lair:6   | Killed Kirke
 16778 | Lair:6   | Received a gift from Okawaru
 17281 | Lair:6   | Reached skill level 14 in Shields
 17748 | Lair:6   | Received a gift from Okawaru
 17749 | Lair:6   | Found the +10 morningstar "Eos" {elec, Halo rElec}
 17833 | Lair:6   | Noticed a dire elephant
 17842 | Lair:6   | Killed a dire elephant
 18625 | D:11     | Noticed Josephine
 18629 | D:11     | Killed Josephine
 18813 | D:11     | Identified 2 scrolls of acquirement
 18820 | D:11     | Got a wavering silver ring
 18822 | D:11     | Got a smoking crystal amulet
 18825 | D:11     | Identified the ring "Ojemaf" {rF+ rC+ Dex+4} (You acquired
                  | it on level 11 of the Dungeon)
 18826 | D:11     | Identified the amulet "Viethi" {+Inv rElec rC- MR+ Regen+}
                  | (You acquired it on level 11 of the Dungeon)
 19020 | D:12     | Reached skill level 5 in Maces & Flails
 19354 | D:12     | Received a gift from Okawaru
 19371 | D:12     | Found a stormy altar of Qazlal.
 19464 | D:12     | Reached XP level 14. HP: 114/129 MP: 13/13
 19763 | D:13     | Found a frozen archway.
 19771 | IceCv    | Entered an ice cave
 20208 | IceCv    | Reached skill level 15 in Shields
 20307 | IceCv    | Got a glittering emerald amulet
 20312 | IceCv    | Identified the amulet of Ucka {Faith *Corrode rC+++ MR+++
                  | Dex-3} (You found it in an ice cave)
 20751 | D:13     | Received a gift from Okawaru
 20992 | D:13     | Reached skill level 1 in Invocations
 21354 | D:13     | Found a gate to the Vaults.
 21367 | D:13     | Got a pitted mace
 21370 | D:13     | Identified the cursed +2 mace of the Coward {venom, rElec
                  | Str+2 Int+3} (You found it on level 13 of the Dungeon)
 21399 | D:13     | Found an ancient bone altar of Kikubaaqudgha.
 21498 | D:13     | Found a portal to a secret trove of treasure.
 21835 | D:9      | Bought the +3 Elemental Staff {rElec rF++ rC++ MR++ AC+5}
                  | for 1328 gold pieces
 21835 | D:9      | Found the +3 Elemental Staff {rElec rF++ rC++ MR++ AC+5}
 21953 | D:13     | You paid a toll of the Elemental Staff to enter a treasure
                  | trove
 21954 | Trove    | Entered a treasure trove
 21975 | Trove    | Got an ancient brass ring
 21986 | Trove    | Identified the ring "Lues Vekk" {rElec rN+ Str-3 Int+2}
                  | (You found it in a treasure trove)
 22001 | Trove    | Got a bound copper ring
 22004 | Trove    | Identified the ring of the Salamander {Int+6 Dex+5} (You
                  | found it in a treasure trove)
 22059 | Trove    | Got a shimmering lead ring
 22063 | Trove    | Identified the ring of the Ancients {+Fly rF+ rN+ MP+9
                  | Int+4} (You found it in a treasure trove)
 22066 | Trove    | Got an ancient graven amulet
 22068 | Trove    | Got a vibrating jade amulet
 22071 | Trove    | Identified the amulet "Pyitir" {Harm *Drain rPois rF+ rN+
                  | Int+4} (You found it in a treasure trove)
 22075 | Trove    | Identified the amulet of Pales {Inacc *Corrode Int+6 Dex+2}
                  | (You found it in a treasure trove)
 22079 | Trove    | Got a heavily runed platinum ring
 22085 | Trove    | Got a slimy emerald amulet
 22088 | Trove    | Identified the amulet "Leapnin" {+Rage rPois Str+2} (You
                  | found it in a treasure trove)
 22097 | Trove    | Identified the ring of Macoxoux {Int+2 SInv} (You found it
                  | in a treasure trove)
 22792 | D:14     | Reached skill level 10 in Maces & Flails
 23132 | D:14     | Found Luust's Serpentskin Sales.
 23592 | D:15     | Entered Level 15 of the Dungeon
 23732 | D:14     | Reached XP level 15. HP: 50/139 MP: 17/17
 24094 | D:15     | Received a gift from Okawaru
 24447 | D:15     | Found a staircase to the Depths.
 24727 | D:15     | Reached skill level 5 in Invocations
 24759 | D:15     | Found Plog's Weapon Shop.
 25199 | Orc:1    | Entered Level 1 of the Orcish Mines
 25199 | Orc:1    | Found Siepnute's Magic Scroll Shop.
 25200 | Orc:1    | Noticed Snorg
 25214 | Orc:1    | Killed Snorg
 25508 | Orc:2    | Entered Level 2 of the Orcish Mines
 25565 | Orc:2    | Reached skill level 15 in Fighting
 25581 | Orc:2    | Received a gift from Okawaru
 25584 | Orc:2    | Got a pitted cloak {god gift}
 25805 | D:9      | Identified the +4 cloak of Cositoqo {Int+4} (Okawaru gifted
                  | it to you on level 2 of the Orcish Mines)
 25920 | Orc:1    | Noticed Nergalle
 25925 | Orc:1    | Killed Nergalle
 26023 | Orc:1    | Found Ehyih's Armour Shoppe.
 26824 | Orc:2    | Found a staircase to the Elven Halls.
 26910 | Orc:2    | Found Ufus's Antique Armour Shop.
 26910 | Orc:2    | Found Nuesiet's General Store.
 26912 | Orc:2    | Found Sinoenid's Gadget Shoppe.
 26914 | Orc:2    | Found Ofunnied's Assorted Antiques.
 26923 | Orc:2    | Bought a potion of curing for 36 gold pieces
 26925 | Orc:2    | Bought a wand of digging (4) for 240 gold pieces
 27189 | Spider:1 | Entered Level 1 of the Spider Nest
 27478 | Spider:1 | Reached skill level 16 in Shields
 28399 | Spider:2 | Received a gift from Okawaru
 28449 | Spider:2 | Reached XP level 16. HP: 131/151 MP: 19/19
 29130 | Spider:2 | Reached skill level 17 in Shields
 29511 | Spider:3 | Received a gift from Okawaru
 29521 | Spider:3 | Identified the +6 great mace "Jutek" {protect, +Fly rF+}
                  | (Okawaru gifted it to you on level 3 of the Spider Nest)
 30358 | Spider:3 | Reached skill level 1 in Dodging
 30422 | Spider:3 | Received a gift from Okawaru
 30798 | Spider:3 | Reached skill level 18 in Shields
 30801 | Spider:3 | Received a gift from Okawaru
 31041 | Spider:3 | Got a jewelled flail {god gift}
 31048 | Spider:3 | Identified the +7 flail of Dissent {crush, Str+6} (Okawaru
                  | gifted it to you on level 3 of the Spider Nest)
 31448 | Spider:4 | Entered Level 4 of the Spider Nest
 31453 | Spider:4 | Noticed Arachne
 31713 | Spider:4 | Noticed Asterion
 32066 | Spider:4 | Received a gift from Okawaru
 32070 | Spider:4 | Got a jewelled cloak {god gift}
 32083 | Spider:3 | Identified the +0 cloak of Qiadgh {-Cast rElec Str+6}
                  | (Okawaru gifted it to you on level 4 of the Spider Nest)
 32168 | Spider:4 | Killed Asterion
 32201 | Spider:4 | Reached skill level 5 in Dodging
 32340 | Spider:4 | Killed Arachne
 32340 | Spider:4 | Reached XP level 17. HP: 149/163 MP: 20/20
 32973 | Spider:4 | Received a gift from Okawaru
 33255 | Spider:4 | Reached skill level 19 in Shields
 33278 | Spider:4 | Got a gossamer rune of Zot
 34025 | Lair:2   | Found a staircase to the Shoals.
 34067 | Shoals:1 | Entered Level 1 of the Shoals
 34501 | Shoals:1 | Noticed Aizul
 34516 | Shoals:1 | Killed Aizul
 34537 | Shoals:1 | Received a gift from Okawaru
 34828 | Shoals:1 | Got a fine marble ring
 34842 | Shoals:1 | Identified the ring "Paepra" {+Inv rF+ MR+ Str+2 Int+2}
                  | (You found it on level 1 of the Shoals)
 34896 | Shoals:1 | Found a deep blue altar of Sif Muna.
 35837 | Shoals:2 | Noticed Polyphemus
 35859 | Shoals:2 | Killed Polyphemus
 37670 | Shoals:3 | Reached XP level 18. HP: 158/176 MP: 21/21
 37949 | Shoals:3 | Received a gift from Okawaru
 38081 | Shoals:3 | Noticed Ilsuiw
 38111 | Shoals:3 | Killed Ilsuiw
 38598 | Shoals:4 | Entered Level 4 of the Shoals
 38916 | Shoals:4 | Reached skill level 10 in Dodging
 39287 | Shoals:4 | Reached skill level 20 in Shields
 39388 | Shoals:4 | Got a steaming turquoise ring
 39391 | Shoals:4 | Identified the ring "Yrho" {MR+ Dex+7} (You found it on
                  | level 4 of the Shoals)
 39978 | Shoals:4 | Got a barnacled rune of Zot
 40072 | Shoals:4 | Identified Sein's Grimoire of Feathers
 40132 | Shoals:4 | Received a gift from Okawaru
 40367 | Shoals:4 | Identified Roxanne's Grimoire of the Mountains
 40367 | Shoals:4 | Noticed Roxanne
 40396 | Shoals:4 | Killed Roxanne
 40396 | Shoals:4 | Received a gift from Okawaru
 41392 | Elf:1    | Entered Level 1 of the Elven Halls
 41506 | Elf:1    | Found a ruined gateway.
 41522 | Desolati | Entered the Desolation of Salt
 41774 | Desolati | Received a gift from Okawaru
 41774 | Desolati | Reached XP level 19. HP: 184/185 MP: 22/22
 41787 | Desolati | Got a bone mace {god gift}
 41789 | Desolati | Identified the +1 mace of Courage {holy, MP+9 Dex+3}
                  | (Okawaru gifted it to you in the Desolation of Salt)
 41812 | Desolati | Identified the Grimoire of Transformation
 42164 | Desolati | Received a gift from Okawaru
 42358 | Desolati | Identified the Handbook of the Assistive Snowflakes
 42841 | Desolati | Identified Sif Muna's Volume of Dark Rituals and
                  | Transformation
 44735 | Elf:2    | Found a huge runed translucent gate.
 44736 | Elf:2    | Found a huge runed translucent gate.
 44737 | Elf:2    | Reached skill level 21 in Shields
 44871 | Elf:2    | Found a huge runed translucent gate.
 44872 | Elf:2    | Found a huge runed translucent gate.
 44873 | Elf:2    | Found a huge runed translucent gate.
 44950 | Elf:2    | Found Plog's Food Shop.
 45000 | Elf:2    | Found Vuorroill's Magic Scroll Shoppe.
 45027 | Elf:2    | Received a gift from Okawaru
 45535 | Elf:2    | Bought a scroll of enchant armour for 120 gold pieces
 45535 | Elf:2    | Bought a scroll of identify for 32 gold pieces
 45612 | Elf:2    | Found Rofasuti's Gadget Shop.
 45614 | Elf:2    | Found Xeucw's Jewellery Emporium.
 45615 | Elf:2    | Found Caopsak's Gadget Shop.
 46270 | Elf:2    | Received a gift from Okawaru
 46490 | Elf:3    | Entered Level 3 of the Elven Halls
 46889 | Elf:3    | Reached XP level 20. HP: 180/195 MP: 23/23
 46919 | Elf:3    | Reached skill level 15 in Armour
 47198 | Elf:3    | Noticed Mara
 47212 | Elf:3    | Noticed Moltybleed's illusion
 47221 | Elf:3    | Killed Mara
 47705 | Elf:3    | Upgraded the game from 0.23.1-37-gaa34b87 to
                  | 0.23.1-38-g628c18f
 47832 | Elf:3    | Identified the amulet "Hielyuxiof" {Faith rPois Str+6}
 47919 | Elf:3    | Identified the cursed +1 scythe of the Establishment
                  | {protect, +Blink Str+2}
 47919 | Elf:3    | Identified the amulet "Esauqoret" {+Rage rC+}
 47940 | Elf:3    | Received a gift from Okawaru
 47955 | Elf:3    | Identified a +1 pair of boots of running (Okawaru gifted it
                  | to you on level 3 of the Elven Halls)
 48400 | Elf:3    | Got a faintly glowing great sword
 48407 | Elf:3    | Identified the cursed +2 great sword of the Shallot
                  | {freeze, rElec Str+3} (You found it on level 3 of the Elven
                  | Halls)
 48417 | Elf:3    | Identified the Grimoire of Clay and Creation
 48423 | Elf:3    | Identified the Grimoire of Bewitchment
 48426 | Elf:3    | Identified Tonnuth's Handbook of Boosting Snow
 48436 | Elf:3    | Got a faintly humming shield
 48449 | Elf:3    | Identified the +4 shield "Felumoigg" {+Inv rPois} (You
                  | found it on level 3 of the Elven Halls)
 48486 | Elf:3    | Identified Wused Coin's Volume of Malediction and the
                  | Mountains
 48492 | Elf:3    | Identified the Guide on Helpful Air
 49638 | Vaults:1 | Entered Level 1 of the Vaults
 49642 | Vaults:1 | Got a vibrating tin ring
 49644 | Vaults:1 | Identified the ring of the Good {Wiz rF++ MP-9 Int+4 Dex-4}
                  | (You acquired it on level 1 of the Vaults)
 50045 | Vaults:1 | Received a gift from Okawaru
 50045 | Vaults:1 | Reached skill level 22 in Shields
 50168 | Vaults:1 | Identified the +1 robe of Youthful Indiscretion {rF+ rC-
                  | Int+2 SInv}
 50673 | Vaults:1 | Reached XP level 21. HP: 206/206 MP: 24/24
 50676 | Vaults:1 | Received a gift from Okawaru
 50686 | Vaults:1 | Identified the +8 falchion of the Countless Moons {protect,
                  | rF++ rN+ Dex-3} (Okawaru gifted it to you on level 1 of the
                  | Vaults)
 50988 | Vaults:1 | You fall through a shaft!
 51142 | Vaults:2 | Found a magical portal.
 51151 | WizLab   | Entered Lehudib's Moon Base
 51300 | WizLab   | Received a gift from Okawaru
 51677 | WizLab   | Got a flickering iron ring
 51681 | WizLab   | Identified the ring of Miashry {+Blink Dex+3} (You found it
                  | in a wizard's laboratory)
 51885 | WizLab   | Found a transporter.
 51924 | WizLab   | Reached skill level 15 in Dodging
 52169 | WizLab   | Found a transporter.
 53024 | Vaults:2 | Noticed Saint Roka
 53044 | Vaults:2 | Killed Saint Roka
 53044 | Vaults:2 | Received a gift from Okawaru
 53673 | Vaults:2 | Noticed Boris
 53685 | Vaults:2 | Killed Boris
 54674 | Vaults:3 | Found Gipeph's Assorted Antiques.
 54681 | Vaults:3 | Bought a scroll of magic mapping for 143 gold pieces
 54681 | Vaults:3 | Bought a scroll of magic mapping for 143 gold pieces
 54681 | Vaults:3 | Bought a scroll of magic mapping for 143 gold pieces
 54681 | Vaults:3 | Bought a scroll of magic mapping for 143 gold pieces
 54715 | Vaults:3 | Found Cuxeuck's Jewellery Boutique.
 54769 | Vaults:3 | Found Poocwuf's Food Boutique.
 54881 | Vaults:3 | Found Helekifuwk's Magic Scroll Emporium.
 54934 | Vaults:3 | Bought a scroll of enchant armour for 112 gold pieces
 54934 | Vaults:3 | Bought 3 scrolls of enchant armour for 337 gold pieces
 55223 | Vaults:3 | Reached skill level 23 in Shields
 55279 | Vaults:3 | Found a staircase to the Crypt.
 55322 | Vaults:3 | Reached XP level 22. HP: 178/217 MP: 25/25
 55344 | Vaults:3 | Received a gift from Okawaru
 55363 | Vaults:3 | You fall through a shaft!
 56574 | Vaults:4 | Received a gift from Okawaru
 56611 | Vaults:4 | Got a pair of bloodstained boots {god gift}
 56625 | Vaults:4 | Identified the +0 pair of boots of the City {*Corrode rN+
                  | Int+2 Dex+2} (Okawaru gifted it to you on level 4 of the
                  | Vaults)
 57614 | Depths:1 | Entered Level 1 of the Depths
 57901 | Depths:1 | Received a gift from Okawaru
 58272 | Depths:1 | Found a gateway to Hell.
 58631 | Depths:1 | Reached XP level 23. HP: 227/227 MP: 26/26
 58645 | Depths:1 | Found a one-way gate to the infinite horrors of the Abyss.
 58718 | Depths:1 | Found a one-way gate leading to the halls of Pandemonium.
 58991 | Depths:2 | Received a gift from Okawaru
 59211 | Depths:2 | Found a runed translucent gate.
 59222 | Depths:2 | Found an opulent altar of Gozag.
 59222 | Depths:2 | Found Juassil's Assorted Antiques.
 59222 | Depths:2 | Noticed Loyck's ghost (adept TrMo)
 59223 | Depths:2 | Found a runed translucent gate.
 59223 | Depths:2 | Found a runed translucent gate.
 59253 | Depths:2 | Found a gateway to a ziggurat.
 59272 | Depths:2 | Reached skill level 24 in Shields
 59475 | Depths:2 | Noticed Boris
 59502 | Depths:2 | Killed Boris
 59955 | Depths:2 | Upgraded the game from 0.23.1-38-g628c18f to 0.23.2
 59967 | Depths:3 | Received a gift from Okawaru
 61236 | Depths:4 | Received a gift from Okawaru
 61790 | Depths:4 | Found Raruhebb's Antique Armour Boutique.
 61821 | Depths:4 | Noticed Boris
 61840 | Depths:4 | Killed Boris
 62161 | Depths:4 | Noticed a caustic shrike
 62231 | Depths:4 | Reached XP level 24. HP: 230/238 MP: 26/26
 62480 | Depths:4 | Received a gift from Okawaru
 62618 | Depths:4 | Identified the +9 long sword of the Saviour {antimagic,
                  | *Drain Dex+7} (You found it on level 4 of the Depths)
 62868 | Depths:5 | Entered Level 5 of the Depths
 63980 | Depths:5 | Found a gate to the Realm of Zot.
 64212 | Depths:5 | Reached skill level 25 in Shields
 64221 | Depths:5 | Received a gift from Okawaru
 64651 | Depths:5 | Reached skill level 10 in Long Blades
 64661 | Depths:5 | Received a gift from Okawaru
 64826 | Depths:5 | Identified the +1 plate armour "Yzisoot" {rF++ Int+2}
                  | (Okawaru gifted it to you on level 5 of the Depths)
 66268 | Vaults:5 | Entered Level 5 of the Vaults
 66373 | Vaults:4 | Reached XP level 25. HP: 234/247 MP: 26/26
 66513 | Vaults:5 | Received a gift from Okawaru
 66732 | Vaults:5 | Identified the ring of Cubusk {rCorr rPois Str-4 Int+2
                  | Stlth+}
 66997 | Vaults:5 | Received a gift from Okawaru
 67386 | Vaults:5 | Identified the +1 plate armour "Hagoqiston" {rN+ Str-5
                  | Int+4}
 67395 | Vaults:5 | Reached skill level 15 in Long Blades
 67593 | Vaults:5 | Identified the +6 shortbow "Concordance" {flame, rN++ Int+3
                  | Stlth-}
 67824 | Vaults:5 | Identified the Incunabulum of Assistive Flight
 67834 | Vaults:5 | Got a silver rune of Zot
 67991 | Vaults:5 | Identified the +9 broad axe of Kindness {flame, *Contam
                  | Str+6 Int+5}
 67994 | Vaults:5 | Noticed Boris
 68013 | Vaults:5 | Killed Boris
 68013 | Vaults:5 | Received a gift from Okawaru
 68202 | Vaults:5 | Found Feikuy's Antique Armour Emporium.
 68704 | Zot:1    | Entered Level 1 of the Realm of Zot
 68801 | Zot:1    | Reached XP level 26. HP: 136/256 MP: 0/26
 69865 | Zot:1    | Received a gift from Okawaru
 70598 | Zot:2    | You fall through a shaft for 2 floors!
 70739 | Zot:3    | Got a glittering steel ring
 71160 | Zot:2    | Reached skill level 1 in Evocations
 71188 | Zot:2    | Received a gift from Okawaru
 71829 | Zot:2    | Reached skill level 5 in Evocations
 72065 | Zot:2    | Received a gift from Okawaru
 72659 | Zot:3    | Received a gift from Okawaru
 73754 | Zot:3    | Reached XP level 27. HP: 193/264 MP: 27/27
 74087 | Zot:4    | Identified the ring "Woanetom" {*Contam rElec rPois MP+9
                  | Stlth-} (You found it on level 3 of the Realm of Zot)
 74213 | Zot:4    | Noticed an orb of fire
 74225 | Zot:4    | Killed an orb of fire
 74230 | Zot:4    | Noticed an orb of fire
 74236 | Zot:4    | Gained mutation: Scrolls take you a little longer to read.
                  | [an orb of fire]
 74249 | Zot:4    | Gained mutation: Scrolls take you longer to read. [an orb
                  | of fire]
 74252 | Zot:4    | Killed an orb of fire
 74252 | Zot:4    | Received a gift from Okawaru
 75986 | Zot:5    | Entered Level 5 of the Realm of Zot
 76794 | Zot:5    | Reached skill level 10 in Staves
 77256 | Zot:5    | Noticed an ancient lich
 77262 | Zot:5    | Noticed an ancient lich
 77264 | Zot:5    | Noticed an orb of fire
 77266 | Zot:5    | Noticed an orb of fire
 77266 | Zot:5    | Noticed an ancient lich
 77285 | Zot:5    | Blown up by an ancient lich

Skill      XL: |  1  2  3  4  5  6  7  8  9 10 11 12 13 14 15 16 17 18 19 20 21 22 23 24 25 26 27 |
---------------+----------------------------------------------------------------------------------+-----
Fighting       | 4 5 6 7 8 9 11 13 14 16 17 19 20 21 22 23 24 | 24.8
Shields        | 4 5 6 7 9 11 12 14 15 16 18 19 20 21 22 23 24 25 | 25.0
Long Blades    | 3 4 5 6 12 16 18 | 18.3
Short Blades   | 1 2 3 |  3.4
Staves         | 2 7 9 10 | 10.5
Armour         | 4 6 7 9 10 11 13 14 16 17 18 20 21 22 23 | 23.9
Axes           | 3 8 11 13 14 | 14.0
Maces & Flails | 5 10 12 | 12.7
Invocations    | 4 6 |  6.0
Dodging        | 5 9 11 13 14 15 17 18 19 20 21 | 21.9
Evocations     | 7 9 |  9.7
Stealth        | |  0.8

Action                   |  1- 3 |  4- 6 |  7- 9 | 10-12 | 13-15 | 16-18 | 19-21 | 22-24 | 25-27 || total
-------------------------+-------+-------+-------+-------+-------+-------+-------+-------+-------++-------
Melee: Long sword        |   114 |    20 |       |       |       |       |       |       |       ||   134
       Headbutt          |    10 |    26 |    49 |   249 |   286 |   330 |   466 |   550 |   535 ||  2501
       Dagger            |       |   168 |    45 |       |       |       |       |       |       ||   213
       Lajatang          |       |       |   201 |       |       |       |       |       |   237 ||   438
       Hand axe          |       |       |    66 |   817 |   214 |       |       |       |       ||  1097
       Morningstar       |       |       |       |       |   824 |  1527 |  1367 |  1539 |  1164 ||  6421
Invok: Heroism           |       |       |     3 |     6 |    12 |    19 |    11 |    10 |     4 ||    65
       Finesse           |       |       |       |       |     2 |     8 |     9 |    11 |    12 ||    42
 Abil: Evoke Invisibilit |       |       |       |       |       |       |       |       |     1 ||     1
Evoke: Wand              |       |       |       |    32 |    14 |     4 |       |       |     3 ||    53
  Use: Scroll            |     2 |     2 |     3 |    13 |    27 |     9 |    13 |     4 |    11 ||    84
       Potion            |       |       |     2 |     4 |     4 |     6 |     4 |     2 |     7 ||    29
 Stab: Petrified         |       |       |       |       |     7 |       |       |       |       ||     7
       Petrifying        |       |       |       |       |     1 |       |       |     1 |       ||     2
       Paralysed         |       |       |       |       |       |       |     1 |       |       ||     1
       Distracted        |       |       |       |       |       |       |       |       |     1 ||     1
  Eat: Chunk             |     1 |     9 |    10 |    23 |    30 |    35 |    22 |    32 |    11 ||   173
       Ration            |       |       |     2 |     2 |     2 |     3 |     6 |     1 |     7 ||    23
Armor: Scale mail        |    18 |       |       |       |       |       |       |       |       ||    18
       Chain mail        |    48 |    56 |   235 |    30 |       |       |       |       |       ||   369
       Plate armour      |       |       |       |   548 |   444 |   675 |   237 |   328 |   321 ||  2553
Dodge: Dodged            |    23 |    34 |   138 |   239 |   177 |   421 |   309 |   549 |   627 ||  2517
Block: Shield            |    54 |    76 |    92 |   697 |   408 |       |       |       |       ||  1327
       Reflection        |       |       |       |       |     2 |       |       |       |       ||     2
       Large shield      |       |       |       |       |   602 |  1916 |  1095 |  1813 |  1216 ||  6642
       Rpst.: Long sword |     8 |     3 |       |       |       |       |       |       |       ||    11
